 Dungeon Crawl Stone Soup version 0.31.0-9-g3a7656b989 (webtiles) character file.

Game seed: 4859348394283516517

46 qw the Shooter (level 3, -2/20 HPs)
             Began as a Deep Elf Hunter on Feb 2, 2024.
             Slain by a gnoll
             ... wielding a +0 spear
              (7 damage)
             ... on level 2 of the Dungeon.
             The game lasted 00:00:06 (1062 turns).

qw the Shooter (Deep Elf Hunter)                    Turns: 1062, Time: 00:00:06

Health: -2/20      AC:  5    Str: 10    XL:     3   Next: 44%
Magic:  5/5        EV: 11    Int: 13    God:
Gold:   108        SH:  0    Dex: 18    Spells: 2/2 levels left

rFire   . . .        a - +1 shortbow
rCold   . . .        (shield currently unavailable)
rNeg    . . .        f - +0 ring mail
rPois   .            (no helmet)
rElec   .            (no cloak)
rCorr   .            (no gloves)
SInv    .            (no boots)
Will    .....        (no amulet)
Stlth   +            (no ring)
HPRegen 0.23/turn    (no ring)
MPRegen 0.09/turn

%: no passive effects
@: no status effects
A: no striking features
a: no special abilities


You were on level 2 of the Dungeon.
You visited 1 branch of the dungeon, and saw 2 of its levels.

You collected 108 gold pieces.


   Skills:
 - Level 1.5 Fighting
 + Level 7.0 Ranged Weapons
 - Level 2.4 Dodging
 - Level 1.2 Stealth


You had 2 spell levels left.
You didn't know any spells.
Your spell library was empty.

Inventory:

Hand Weapons
 a - a +1 shortbow (weapon)
Armour
 f - a +0 ring mail (worn)
Jewellery
 b - a +6 ring of intelligence
 c - a +6 ring of strength
Wands
 e - a wand of charming (7)
Scrolls
 d - a scroll of fog {unknown}
Potions
 h - a potion of haste {unknown}
 j - a potion of mutation {unknown}

Dungeon Overview and Level Annotations

Branches:
Dungeon (2/15)

Altars:


Message History

The gnoll closely misses you. The gnoll barely misses you.
You shoot an arrow. The arrow hits the gnoll.
The gnoll is almost dead.
The gnoll hits you from afar with a +0 spear.
The gnoll barely misses you.
You shoot an arrow.
The arrow hits the gnoll but does no damage.
The gnoll is almost dead.
The gnoll closely misses you. x2
You shoot an arrow. The arrow completely misses the gnoll.
The gnoll barely misses you.
Enter note:
1053 ||| RETREEEEATING.
The gnoll barely misses you.
You see here a bat corpse.
Enter note:
1054 ||| RETREEEEATING.
You shoot an arrow. The arrow closely misses the gnoll.
The gnoll barely misses you. The gnoll closely misses you.
Enter note:
1056 ||| RETREEEEATING.
Enter note:
1057 ||| RETREEEEATING.
Enter note:
1058 ||| RETREEEEATING.
The gnoll attacks as it pursues you!
The gnoll hits you from afar with a +0 spear.
Enter note:
1059 ||| RETREEEEATING.
The gnoll attacks as it pursues you! The gnoll hits you with a +0 club.
1060 ||| RETREEEEATING.
You shoot an arrow.
The arrow hits the gnoll but does no damage.
The gnoll closely misses you.
The gnoll hits you from afar with a +0 spear.
The gnoll hits you with a +0 club.
You shoot an arrow. The arrow hits the gnoll!
The gnoll is severely wounded.
The gnoll hits you from afar with a +0 spear!
You die...

### #######.. #....##.#
#.##.##.# #.##.##.#
#########.##.##@#
..............#g#
########...#####g##### #
....#...........g<...#.#
.........#####.....#.#.#
##..#....).....###.#...
.................#%#.#######
###.................g.......
.....<...##..#.#.###%.......


You could see 3 gnolls.

Vanquished Creatures
  An adder (D:2)
  6 ball pythons (D:1)
  3 endoplasms
  6 goblins
  4 hobgoblins (D:1)
  2 kobolds (D:1)
  A quokka (D:1)
  2 bats
  9 rats (D:1)
34 creatures vanquished.

Notes
Turn   | Place    | Note
-------+----------+-------------------------------------------
     0 | D:1      | qw the Deep Elf Hunter began the quest for the Orb.
     0 | D:1      | Reached XP level 1. HP: 12/12 MP: 3/3
     0 | D:1      | 0 ||| qw: Version: 0.3-a-155-g5e7d8dd
     0 | D:1      | 0 ||| qw: Game counter: 885
     0 | D:1      | 0 ||| qw: Melee chars always use a shield: true
     0 | D:1      | 0 ||| qw: God list: Okawaru
     0 | D:1      | 0 ||| qw: Allow faded altars: false
     0 | D:1      | 0 ||| qw: Do Orc after clearing Dungeon:15 true
     0 | D:1      | 0 ||| qw: Do second Lair branch before Depths: true
     0 | D:1      | 0 ||| qw: Lair rune preference: random
     0 | D:1      | 0 ||| qw: Goals: Normal
     0 | D:1      | 0 ||| PLANNING D:1-11
    41 | D:1      | Found a faded altar of an unknown god.
   100 | D:1      | Reached XP level 2. HP: 14/16 MP: 4/4
   112 | D:1      | Reached skill level 6 in Ranged Weapons
   492 | D:1      | Reached XP level 3. HP: 20/20 MP: 5/5
   848 | D:1      | 848 ||| UPGRADING to +0 ring mail.
   858 | D:1      | 858 ||| DROPPING +0 leather armour.
   859 | D:1      | 859 ||| READING scroll labelled HACIMIU ZANIT.
   860 | D:1      | 860 ||| READING scroll labelled LOLO RUNINIU.
   896 | D:1      | 896 ||| READING scroll labelled HISKIE ULLOB.
   897 | D:1      | 897 ||| READING scroll labelled COMEOMP TI ZEL.
   897 | D:1      | 897 ||| ENCHANTING +0 shortbow.
   898 | D:1      | 898 ||| DROPPING scroll of butterflies.
  1032 | D:2      | Reached skill level 7 in Ranged Weapons
  1041 | D:2      | 1041 ||| RETREEEEATING.
  1044 | D:2      | 1044 ||| RETREEEEATING.
  1045 | D:2      | 1045 ||| RETREEEEATING.
  1053 | D:2      | 1053 ||| RETREEEEATING.
  1054 | D:2      | 1054 ||| RETREEEEATING.
  1056 | D:2      | 1056 ||| RETREEEEATING.
  1057 | D:2      | 1057 ||| RETREEEEATING.
  1058 | D:2      | 1058 ||| RETREEEEATING.
  1059 | D:2      | 1059 ||| RETREEEEATING.
  1060 | D:2      | 1060 ||| RETREEEEATING.
  1061 | D:2      | HP: 5/20 [gnoll/+0 club (2)]
  1062 | D:2      | Slain by a gnoll

Levels and vault maps discovered:
D:1:      lightli_arrival_isolated_outpost, layout_basic, serial_curves,
          eino_curves_03, eino_curves_04, nicolae_ecumenical_snake_handling,
          minmay_rat_gold_closets
D:2:      layout_basic, minmay_pentomino_t2

Skill      XL: |  1  2  3 |
---------------+----------+-----
Ranged Weapons | 6 7 |  7.0
Fighting       | |  1.5
Dodging        | |  2.4
Stealth        | |  1.2

Action                     || total
---------------------------++-------
   Fire: Shortbow          ||    94
    Use: Scroll            ||     4
 Armour: Leather armour    ||    10
         Ring mail         ||    11
  Dodge: Dodged            ||    26

Table legend:
 A = Non-vault XP
 B = Vault XP
 C = Vault XP percentage of total XP
 D = Non-vault monster count
 E = Vault monster count
 F = Vault count percentage of total count
                 A         B        C        D         E       F
            +---------+---------+-------+---------+---------+-------
      Total |      37 |      29 |  43.9 |      21 |      13 |  38.2
            +---------+---------+-------+---------+---------+-------
        D:1 |      33 |      13 |  28.3 |      19 |      11 |  36.7
        D:2 |       4 |      16 |  80.0 |       2 |       2 |  50.0
            +---------+---------+-------+---------+---------+-------
